Map: Frozen Temple

Players

Miszu - Winner!

  • Race: Terran Terran
  • League: Master

ZBelin

  • Race: Zerg Zerg
  • League: Master

VOD

Have the link to the VOD?

Description

Time

  • Played on: May 3, 2016, 1:32 p.m.
  • Length: 15:32
Show
View Real Time Build Order
Export as new Build Order

Miszu Terran - Winner!

Build Orders: Reaper Expand, Hellion Banshee 

Get SALT Encoding   

  12  0:01  SCV  
  13  0:13  SCV  
  14  0:17  Supply Depot  
  14  0:25  SCV  
  15  0:39  SCV  
  15  0:40  Barracks  
  16  0:44  Refinery  
  16  0:51  SCV  
  17  1:03  SCV  
  18  1:15  SCV  
  19  1:27  Orbital Command  
  19  1:28  Reaper  
  20  1:41  Command Center  
  20  1:52  Supply Depot  
  20  1:53  SCV  
  21  2:00  Marine  
  22  2:06  SCV  
  23  2:09  Factory  
  23  2:18  SCV  
  23  2:19  Refinery  
  24  2:29  Barracks Reactor  
  24  2:30  SCV  
  25  2:42  SCV  
  26  2:54  SCV  
  26  2:55  Starport, Orbital Command  
  27  3:06  SCV  
  27  3:10  Hellion, Barracks Tech Lab  
  27  3:11  Hellion  
  32  3:19  SCV  
  33  3:22  SCV  
  34  3:31  SCV  
  34  3:32  Hellion x2  
  38  3:34  SCV  
  38  3:38  Supply Depot  
  39  3:43  SCV  
  39  3:47  SCV, Banshee  
  44  3:48  Barracks Reactor  
  44  3:53  Hellion  
  46  3:59  Hellion, SCV  
  49  4:03  SCV  
  49  4:04  Supply Depot  
  50  4:11  SCV  
  50  4:12  Armory  
  50  4:15  Hellion, SCV  
  54  4:26  Supply Depot, Hellion, SCV  
  54  4:28  SCV  
  58  4:33  Liberator  
  58  4:36  Hellion  
  58  4:38  SCV  
  62  4:45  SCV  
  62  4:50  Hellion, SCV  
  62  4:51  Liberator  
  62  4:52  Command Center  
  68  4:58  Supply Depot  
  68  5:01  Refinery  
  68  5:02  Refinery  
  68  5:03  Hellion  
  70  5:09  Supply Depot  
  70  5:13  SCV  
  74  5:19  SCV  
  75  5:22  Starport  
  75  5:23  Starport, Liberator  
  75  5:24  Hellion  
  75  5:25  Hellion  
  75  5:27  SCV  
  80  5:33  Supply Depot  
  83  5:44  SCV x2  
  83  5:45  Liberator  
  85  5:56  SCV  
  80  6:01  Banshee  
  80  6:02  Starport Tech Lab  
  76  6:04  SCV  
  76  6:10  SCV  
  76  6:12  Terran Ship Weapons Level 1  
  76  6:14  Hellion x2  
  80  6:26  Liberator  
  80  6:30  Banshee, Orbital Command  
  83  6:33  SCV x2  
  85  6:45  SCV x2  
  85  6:46  Supply Depot  
  90  6:48  Supply Depot, Engineering Bay, Banshee  
  90  6:51  Liberator  
  90  6:52  Hellion x2  
  94  6:57  SCV x2  
  96  7:12  Fusion Core, SCV x2  
  96  7:13  Hellion  
  96  7:14  Hellion  
  105  7:24  SCV, Orbital Command  
  105  7:27  Banshee  
  109  7:31  Banshee  
  109  7:32  Refinery  
  109  7:33  SCV  
  109  7:36  SCV  
  114  7:39  Hellion x2  
  114  7:42  Liberator x2  
  118  7:45  Refinery, SCV  
  118  7:50  SCV  
  118  7:51  SCV  
  121  7:57  SCV  
  122  8:03  SCV x2  
  130  8:06  Command Center  
  130  8:09  SCV  
  130  8:12  Hyperflight Rotors  
  131  8:15  SCV x2  
  133  8:38  Banshee  
  133  8:43  SCV, Banshee  
  124  8:51  Liberator x2  
  121  8:57  Widow Mine x2  
  119  9:04  SCV x2, Liberator  
  119  9:09  Liberator  
  119  9:12  SCV  
  120  9:18  Missile Turret  
  120  9:19  Missile Turret  
  120  9:21  Missile Turret  
  123  9:29  Hellion x2, Command Center  
  130  9:32  Missile Turret  
  130  9:34  Liberator x2  
  130  9:39  Supply Depot x3, Command Center  
  130  9:40  Command Center  
  130  9:47  Hellion x3, Liberator  
  130  9:48  Starport x2  
  130  9:50  Hellion  
  130  9:52  Liberator  
  143  10:07  Hellion  
  143  10:12  Hellion  
  148  10:17  Liberator  
  148  10:18  Planetary Fortress  
  150  10:28  Hellion  
  150  10:30  Liberator  
  150  10:32  Terran Ship Weapons Level 2  
  150  10:34  Refinery  
  150  10:35  Hellion  
  155  10:36  Missile Turret  
  155  10:39  Refinery, Liberator  
  155  10:42  Factory  
  160  10:50  Hellion, Orbital Command  
  160  10:54  Command Center  
  160  10:56  Hellion  
  165  11:01  Liberator x3  
  165  11:06  Orbital Command  
  167  11:11  Hellion  
  170  11:20  Hellion x11  
  176  11:26  Refinery  
  176  11:29  Cloaking Field  
  176  11:31  Refinery  
  176  11:34  Missile Turret  
  176  11:49  Liberator x3  
  176  11:50  Liberator x2  
  169  11:56  Sensor Tower  
  169  11:59  SCV x3  
  169  12:00  SCV x3  
  172  12:07  Liberator  
  187  12:10  Orbital Command  
  187  12:13  SCV x2  
  187  12:14  SCV  
  192  12:32  Liberator x2  
  192  12:45  Liberator  
  192  12:51  Advanced Ballistics  
  198  13:15  Planetary Fortress  
  195  13:30  Liberator  
  146  14:03  Liberator x3  
  146  14:09  Banshee x2  
  134  14:22  Hellion x2  
  146  14:43  Hellion  
  148  14:47  Factory Tech Lab  
  146  15:04  SCV x2  
  146  15:05  SCV x6  
  148  15:16  SCV  
  148  15:17  SCV x4  
Show
View Real Time Build Order
Export as new Build Order

ZBelin Zerg 

Build Orders: Hatch First 

Get SALT Encoding   

  12  0:02  Drone  
  13  0:15  Overlord  
  13  0:21  Drone  
  14  0:34  Drone  
  14  0:35  Drone  
  16  0:53  Hatchery  
  16  0:57  Drone  
  16  1:00  Extractor, Drone  
  16  1:05  Drone  
  17  1:14  Drone  
  18  1:21  Spawning Pool  
  18  1:23  Drone  
  18  1:32  Drone  
  19  1:43  Drone  
  20  1:52  Overlord  
  20  2:07  Metabolic Boost  
  20  2:08  Queen x2  
  20  2:09  Zergling x2  
  20  2:12  Zergling x2  
  26  2:18  Drone x2  
  28  2:27  Zergling x2  
  28  2:28  Extractor, Zergling x2  
  28  2:37  Evolution Chamber  
  28  2:40  Drone  
  28  2:41  Drone  
  31  2:48  Queen  
  33  2:52  Overlord  
  33  3:10  Drone x5  
  38  3:23  Drone  
  38  3:24  Drone x5  
  44  3:36  Overlord  
  44  3:42  Hatchery  
  44  3:43  Extractor  
  44  3:44  Roach Warren  
  41  3:49  Drone  
  41  3:50  Drone x2  
  41  3:54  Overlord  
  44  4:07  Queen  
  46  4:11  Drone x4  
  46  4:12  Zergling x6, Drone  
  54  4:25  Roach x3  
  54  4:30  Overlord  
  60  4:34  Overlord  
  56  4:46  Overlord x2  
  56  4:47  Lair  
  56  4:49  Roach  
  56  4:50  Roach  
  60  4:55  Spore Crawler  
  60  4:56  Queen, Spore Crawler  
  60  4:58  Drone  
  60  4:59  Drone  
  62  5:07  Drone  
  62  5:08  Drone x4  
  62  5:13  Evolution Chamber  
  62  5:14  Evolution Chamber  
  65  5:23  Roach x4  
  74  5:28  Drone  
  74  5:29  Drone x2  
  74  5:32  Spore Crawler  
  75  5:41  Zerg Missile Weapons Level 1, Zerg Ground Armor Level 1  
  73  6:00  Drone  
  73  6:01  Drone x10  
  81  6:07  Queen  
  80  6:13  Drone  
  80  6:14  Drone x2  
  80  6:17  Extractor  
  80  6:18  Ravager x2  
  82  6:19  Ravager  
  83  6:31  Drone x4  
  83  6:32  Drone x3  
  89  6:58  Extractor  
  89  6:59  Extractor, Roach  
  89  7:02  Overlord x6  
  89  7:05  Hatchery  
  88  7:12  Overlord x3  
  88  7:15  Spire  
  87  7:18  Extractor  
  86  7:23  Roach  
  86  7:24  Roach x4  
  96  7:30  Drone  
  96  7:31  Drone x9  
  96  7:32  Infestation Pit  
  96  7:36  Ravager  
  107  7:37  Ravager  
  107  7:48  Drone  
  107  7:49  Drone x2  
  108  8:14  Zerg Missile Weapons Level 2, Spore Crawler  
  108  8:16  Spore Crawler  
  105  8:21  Spore Crawler  
  105  8:24  Queen x3  
  105  8:27  Drone  
  105  8:28  Drone x6  
  105  8:30  Corruptor x4  
  86  9:14  Drone x5  
  84  9:18  Zerg Flyer Weapons Level 1, Corruptor  
  84  9:19  Corruptor x5  
  96  9:27  Spore Crawler  
  96  9:28  Spore Crawler, Hatchery  
  96  9:30  Spore Crawler, Drone x2  
  92  9:43  Hive  
  92  9:45  Zergling x20  
  96  9:46  Zergling x8  
  96  9:47  Roach  
  96  9:48  Roach x3  
  96  9:49  Overseer  
  96  9:52  Pneumatized Carapace  
  114  10:11  Drone  
  114  10:12  Drone x10  
  124  10:29  Zerg Ground Armor Level 2  
  125  10:35  Drone  
  125  10:36  Drone x3  
  125  10:40  Corruptor x3  
  134  10:43  Extractor x2  
  132  10:57  Viper  
  132  10:58  Viper x3  
  144  11:06  Hatchery  
  144  11:08  Extractor x2, Spore Crawler  
  140  11:13  Overlord x3  
  140  11:36  Spire  
  138  11:51  Hatchery  
  138  11:52  Extractor  
  138  11:53  Extractor, Zergling x2  
  134  11:54  Zergling x14  
  134  11:57  Drone  
  134  11:58  Drone x11  
  144  12:21  Zerg Flyer Weapons Level 2  
  142  12:25  Roach x4  
  142  12:26  Roach x6, Spore Crawler x2  
  142  12:27  Spore Crawler  
  153  12:34  Spore Crawler x2  
  153  12:36  Corruptor x3  
  157  12:46  Corruptor x8  
  157  12:48  Overlord  
  157  12:49  Overlord x2  
  173  12:51  Zerg Flyer Armor Level 1  
  170  13:03  Corruptor x3  
  173  13:37  Roach x10  
  193  13:42  Drone  
  193  13:43  Drone x6  
  172  14:01  Zergling x2  
  172  14:02  Zergling x30  
  114  14:18  Corruptor x3  
  82  14:44  Corruptor  
  82  14:45  Corruptor x4  
  84  15:06  Drone  
  89  15:07  Drone  
Tags
 
Add a new tag
Caveats
  • Supply blocks, unpowered buildings, or Contaminate may cause inaccurate times.
  • Supply counts are checked every 10 seconds.